 Dungeon Crawl Stone Soup version 0.25-a0-50-gf0389da217 (webtiles) character file.

Game seed: 4676430525505989610, levelgen mode: deterministic

1523 Erk the Covert (level 9, -8/45 HPs)
             Began as a Kobold Enchanter on Oct 23, 2019.
             Was a Believer of Dithmenos.
             Mangled by a wight
             ... wielding a +4 battleaxe
              (14 damage)
             ... on level 6 of the Dungeon on Oct 24, 2019.
             The game lasted 00:59:00 (9233 turns).

Erk the Covert (Kobold Enchanter)                   Turns: 9233, Time: 00:59:01

Health: -8/45      AC:  4    Str:  5    XL:     9   Next: 10%
Magic:  1/12       EV: 18    Int: 18    God:    Dithmenos [**....]
Gold:   272        SH:  0    Dex: 17    Spells: 6/12 levels left

rFire    . . .     SeeInvis .   a - +1 dagger
rCold    . . .     Gourm    .   (shield restricted)
rNeg     . . .     Faith    .   b - +1 robe
rPois    .         Spirit   .   (no helmet)
rElec    .         Reflect  .   (no cloak)
rCorr    .         Harm     .   m - +0 pair of gloves
MR       .....                  (no boots)
Stlth    +++++.....             v - amulet of the acrobat
HPRegen  0.15/turn              (no ring)
MPRegen  0.13/turn              (no ring)

@: wreathed by umbra, lightly drained
A: small, carnivore
a: Shadow Step, Renounce Religion


You were on level 6 of the Dungeon.
You worshipped Dithmenos.
Dithmenos was pleased with you.
You were very full.

You visited 2 branches of the dungeon, and saw 9 of its levels.

You collected 272 gold pieces.

Inventory:

Hand Weapons
 a - a +1 dagger (weapon)
 c - a +0 morningstar of holy wrath
 o - a +5 whip
Missiles
 l - 5 atropa-tipped darts (quivered)
 q - 3 boomerangs
Armour
 b - a +1 robe (worn)
 m - a +0 pair of gloves (worn)
 w - a +4 scale mail
Jewellery
 v - an amulet of the acrobat (around neck)
Wands
 g - a wand of flame (8)
 h - a wand of paralysis (10)
 r - a wand of polymorph (10)
 z - a wand of iceblast (13)
 A - a wand of acid (5)
Scrolls
 e - 7 scrolls of identify
 t - a scroll of amnesia
 x - 2 scrolls of teleportation
 y - a scroll of magic mapping
 B - a scroll of brand weapon {unknown}
Potions
 f - 2 potions of ambrosia
 i - a potion of resistance
 j - 2 potions of heal wounds
 k - 3 potions of curing
 p - a potion of brilliance
 s - a potion of agility
Comestibles
 d - 16 rations


   Skills:
 + Level 7.7(7.3) Short Blades
 - Level 6.0(5.5) Dodging
 + Level 9.4(8.9) Stealth
 - Level 2.1(1.8) Spellcasting
 - Level 5.1(4.7) Hexes
 - Level 2.0(1.6) Ice Magic


You had 6 spell levels left.
You knew the following spells:

 Your Spells              Type           Power        Failure   Level  Hunger
a - Corona                Hex            ###....      2%          1    #......
b - Ensorcelled Hibernat  Hex/Ice        ##....       8%          2    ###....
c - Confuse               Hex            ###.....     8%          3    ###....

Your spell library contained the following spells:

 Spells                   Type           Power        Failure   Level  Hunger
 Tukima's Dance           Hex            ###.....     8%          3    ###....
 Magic Dart               Conj           #...         19%         1    #......
 Summon Small Mammal      Summ           #...         19%         1    #......
 Dazzling Spray           Conj/Hex       ##....       21%         3    ###....
 Summon Guardian Golem    Hex/Summ       ##......     21%         3    ###....
 Call Imp                 Summ           #.......     28%         2    ###....
 Searing Ray              Conj           #.....       28%         2    ###....
 Call Canine Familiar     Summ           #.......     50%         3    ###....
 Fulminant Prism          Conj/Hex       ##........   56%         4    #####..
 Summon Ice Beast         Ice/Summ       #.......     78%         4    #####..
 Force Lance              Conj/Tloc      #.......     88%         4    #####..
 Iskenderun's Mystic Bla  Conj           #.......     88%         4    #####..
 Summon Lightning Spire   Summ/Air       #.......     88%         4    #####..


Dungeon Overview and Level Annotations

Branches:
Dungeon (8/15)             Temple (1/1) D:5
   Lair: D:8-11

Altars:
Dithmenos
Gozag
Kikubaaqudgha
Nemelex Xobeh
Trog
Wu Jian

Shops:
D:4 *


Innate Abilities, Weirdness & Mutations

You are small and have problems with some larger weapons.
You are carnivorous and can eat meat at any time.


Message History

You hit the wight but do no damage. The wight barely misses you.
You hit the wight.
The wight is lightly damaged.
You completely miss the wight.
The wight is lightly damaged.
The wight hits you but does no damage.
You hit the wight but do no damage.
The wight is lightly damaged.
You feel less wooden.
Your +0 pair of gloves unmelds from your body.
Your +1 robe unmelds from your body.
You hit the wight.
The wight is moderately damaged.
The wight misses you.
You hit the wight but do no damage.
The wight is moderately damaged.
You hit the wight but do no damage.
The wight is moderately damaged.
The wight hits you with a +4 battleaxe!
You die...

##....###.##.##..##....##........
#................#...z......#####
#...........[....#..........#
##....##..##.....##....##...#
##....##..##.....##....##...#
#..........#.)...#....).....#
#.)........+.....#..........#
###...###.##..##z####..######
##### #.##..##@# #..####.##
......#.....#........#
.....#.....#........#
.....#....####'###..#
###+###....# .# #..........
.........?... ...##...###.##. ..
#...# .#


You could see a wight (confused).

Vanquished Creatures
  2 ogres (D:4)
  2 phantoms
  2 centaurs (D:5)
  2 wights (D:6)
  3 orc priests
  2 bullfrog skeletons
  4 hounds
  An iguana (D:2)
  6 worker ants
  Natasha (thrice) (D:3)
  An orc wizard (D:5)
  Terence (D:3)
  A worker ant zombie (D:5)
  13 adders
  8 river rats (D:5)
  3 shadow imps
  2 oozes
  A worm (D:3)
  3 dart slugs
  3 leopard geckos
  20 orcs
  4 ball pythons
  7 bats
  7 giant cockroaches
  8 goblins
  9 hobgoblins
  6 jackals
  8 kobolds
  5 quokkas
  A frilled lizard (D:2)
  A quokka zombie (D:5)
  25 rats
164 creatures vanquished.

Notes
Turn   | Place    | Note
-------+----------+-------------------------------------------
     0 | D:1      | Erk the Kobold Enchanter began the quest for the Orb.
     0 | D:1      | Reached XP level 1. HP: 10/10 MP: 3/3
   175 | D:1      | Reached XP level 2. HP: 15/15 MP: 5/5
   179 | D:1      | Learned a level 2 spell: Ensorcelled Hibernation
   998 | D:1      | Reached XP level 3. HP: 19/19 MP: 6/6
  1249 | D:2      | Reached skill level 5 in Stealth
  1542 | D:2      | Reached XP level 4. HP: 14/24 MP: 4/7
  2085 | D:3      | Reached skill level 6 in Stealth
  2085 | D:3      | Reached XP level 5. HP: 10/28 MP: 0/8
  3064 | D:3      | Found an ancient bone altar of Kikubaaqudgha.
  3079 | D:3      | Found a bloodstained altar of Trog.
  3084 | D:3      | Found a sparkling altar of Nemelex Xobeh.
  3097 | D:3      | Found a shadowy altar of Dithmenos.
  3113 | D:3      | Found an opulent altar of Gozag.
  3123 | D:3      | Became a worshipper of Dithmenos the Shadowed
  3540 | D:3      | Noticed Natasha
  3629 | D:3      | Killed Natasha
  3629 | D:3      | Reached XP level 6. HP: 32/32 MP: 4/9
  3640 | D:3      | Noticed Natasha
  3653 | D:3      | Killed Natasha
  3758 | D:3      | Noticed Natasha
  3764 | D:3      | Killed Natasha
  4409 | D:3      | Reached skill level 5 in Short Blades
  4613 | D:3      | Noticed Terence
  4618 | D:3      | Killed Terence
  5014 | D:4      | Noticed a phantom
  5016 | D:4      | Reached skill level 7 in Stealth
  5018 | D:4      | Reached XP level 7. HP: 35/36 MP: 10/10
  5331 | D:3      | Reached skill level 1 in Ice Magic
  5456 | D:4      | Learned a level 3 spell: Confuse
  5752 | D:5      | Entered Level 5 of the Dungeon
  5761 | D:5      | Reached XP level 8. HP: 41/41 MP: 11/11
  5982 | D:4      | Reached skill level 8 in Stealth
  6014 | D:4      | Found Kaaff's Assorted Antiques.
  6355 | D:4      | Found an ornate altar of the Wu Jian Council.
  6519 | D:5      | Reached skill level 5 in Dodging
  6660 | D:5      | Reached skill level 5 in Hexes
  6691 | D:5      | Found a staircase to the Ecumenical Temple.
  6711 | D:5      | Reached * piety under Dithmenos
  6718 | Temple   | Entered the Ecumenical Temple
  6985 | D:5      | Upgraded the game from 0.25-a0-42-g6c54e25894 to
                  | 0.25-a0-50-gf0389da217
  8381 | D:7      | Reached ** piety under Dithmenos
  8381 | D:7      | Reached skill level 9 in Stealth
  8787 | D:6      | Reached XP level 9. HP: 45/45 MP: 3/12
  9233 | D:6      | Mangled by a wight

Levels and vault maps discovered:
D:1:      dpeg_arrival_tiny_d, layout_loops_corners
D:2:      layout_basic
D:3:      layout_basic, grunt_temple_overflow_open, uniq_terence, uniq_natasha
D:4:      layout_loops_cross, lemuel_doored_altar, serial_shops, shop,
          dk_rats_in_the_wall
D:5:      lemuel_ratsnest, layout_cave_pools, minmay_temple_entry_proselytizer,
          first_ration, minmay_fractal_squares_diagonal_5
D:6:      layout_gridville
D:7:      layout_basic, marbit_many_paths
D:8:      layout_basic, grunt_livestock, uniq_psyche
Temple:   minmay_temple_curvy_branch

Skill      XL: |  1  2  3  4  5  6  7  8 |
---------------+-------------------------+-----
Short Blades   | 2 3 4 5 7 |  7.7
Stealth        | 5 6 7 9 |  9.4
Dodging        | 3 4 6 |  6.0
Ice Magic      | 2 |  2.0
Hexes          | 4 5 |  5.1
Spellcasting   | |  2.1

Action                   |  1- 3 |  4- 6 |  7- 9 || total
-------------------------+-------+-------+-------++-------
Melee: Dagger            |   164 |   339 |   580 ||  1083
 Cast: Ensorcelled Hiber |     4 |    37 |    42 ||    83
       Corona            |       |       |     9 ||     9
       Confuse           |       |       |    13 ||    13
Evoke: Wand              |       |       |     5 ||     5
  Use: Scroll            |       |    10 |     6 ||    16
       Potion            |       |     1 |     2 ||     3
 Stab: Sleeping          |    11 |    25 |    44 ||    80
       Confused          |       |       |     7 ||     7
  Eat: Chunk             |    11 |    14 |    16 ||    41
Armor: Robe              |    16 |    44 |    29 ||    89
       Skin              |       |       |    26 ||    26
Dodge: Dodged            |   108 |   274 |   294 ||   676

Table legend:
 A = Non-vault XP
 B = Vault XP
 C = Vault XP percentage of total XP
 D = Non-vault monster count
 E = Vault monster count
 F = Vault count percentage of total count
                 A         B        C        D         E       F
            +---------+---------+-------+---------+---------+-------
      Total |    1883 |     293 |  13.5 |     130 |      34 |  20.7
            +---------+---------+-------+---------+---------+-------
        D:1 |      47 |       0 |   0.0 |      19 |       0 |   0.0
        D:2 |     113 |       0 |   0.0 |      31 |       0 |   0.0
        D:3 |     304 |      67 |  18.1 |      34 |       2 |   5.6
        D:4 |     502 |       0 |   0.0 |      10 |       0 |   0.0
        D:5 |     596 |     226 |  27.5 |      14 |      32 |  69.6
        D:6 |     262 |       0 |   0.0 |      15 |       0 |   0.0
        D:7 |      47 |       0 |   0.0 |       6 |       0 |   0.0
        D:8 |      12 |       0 |   0.0 |       1 |       0 |   0.0
            +---------+---------+-------+---------+---------+-------
